 Dungeon Crawl Stone Soup version 0.25-a0-949-gdd2af9e06e (webtiles) character file.

Game seed: 7736807869322711221, levelgen mode: classic

47 Amnesiac the Magician (level 3, -9/19 HPs)
             Began as a Deep Elf Wizard on May 8, 2020.
             Mangled by a wyvern zombie (12 damage)
             ... on level 4 of the Dungeon.
             The game lasted 00:02:47 (763 turns).

Amnesiac the Magician (Deep Elf Wizard)              Turns: 763, Time: 00:02:47

Health: -9/19      AC:  2    Str:  4    XL:     3   Next: 48%
Magic:  6/11       EV: 13    Int: 23    God:
Gold:   37         SH:  0    Dex: 13    Spells: 0/11 levels left

rFire    . . .     SeeInvis .   (no weapon)
rCold    . . .     Gourm    .   (no shield)
rNeg     . . .     Faith    .   a - +0 robe
rPois    .         Spirit   .   (no helmet)
rElec    .         Reflect  .   (no cloak)
rCorr    .         Harm     .   (no gloves)
MR       .....                  (no boots)
Stlth    ++........             (no amulet)
HPRegen  0.06/turn              (no ring)
MPRegen  0.12/turn              (no ring)

@: very slightly contaminated
A: no striking features
a: no special abilities


You were on level 4 of the Dungeon.
You were not hungry.

You visited 1 branch of the dungeon, and saw 4 of its levels.

You collected 37 gold pieces.

Inventory:

Hand Weapons
 f - a cursed -3 hunting sling
Missiles
 b - 17 poisoned darts (quivered)
 h - 25 stones
Armour
 a - a +0 robe (worn)
 e - a +0 buckler
Wands
 i - a wand of paralysis (6)
Scrolls
 g - 2 scrolls of remove curse {!r, unknown}
 j - a scroll of teleportation {!r, unknown}
Comestibles
 c - 6 chunks of flesh
 d - a ration


   Skills:
 - Level 2.4 Dodging
 - Level 2.4 Stealth
 - Level 4.5 Spellcasting
 * Level 3.7 Conjurations
 - Level 1.1 Summonings
 - Level 1.1 Translocations


You couldn't memorise any spells.
You knew the following spells:

 Your Spells              Type           Power        Failure   Level  Hunger
a - Magic Dart            Conj           ###.         2%          1    None
b - Call Imp              Summ           ##......     10%         2    None
e - Mephitic Cloud        Conj/Pois/Air  ##......     19%         3    ##.....
s - Conjure Flame         Conj/Fire      ##......     14%         3    ##.....
v - Blink                 Tloc           N/A          10%         2    None

Your spell library contained the following spells:

 Spells                   Type           Power        Failure   Level  Hunger
 Slow                     Hex            #.......     16%         2    None


Dungeon Overview and Level Annotations

Branches:
Dungeon (4/15)
 Temple: D:4-7

Altars:
Ru
Xom


Message History

You can't see any susceptible monsters within range! (Use Z to cast anyway.)
Casting: Magic Dart (safe; 2% risk of failure)
Confirm with . or Enter, or press ? or * to list all spells.
You can't see any susceptible monsters within range! (Use Z to cast anyway.)
An iguana comes into view.
You open the door.
A wyvern zombie comes into view.
Some of the chunks of flesh in your inventory have rotted away.
Found 18 stones and a bubbling grey potion.
There is an open door here.
You close the door.
Casting: Magic Dart (safe; 2% risk of failure)
Confirm with . or Enter, or press ? or * to list all spells.
A beastly little devil appears in a puff of frigid air.
Casting: Call Imp (safe; 10% risk of failure)
Confirm with . or Enter, or press ? or * to list all spells.
Aiming: Magic Dart (safe; 2% risk of failure)
Press: ? - help, Shift-Dir - straight line, f - iguana
Aim: an iguana The magic dart hits the iguana.
The iguana is lightly wounded.
Your white imp gestures at the iguana.
The puff of frost hits the iguana!
The iguana closely misses your white imp.
Unknown command.
Casting: Magic Dart (safe; 2% risk of failure)
Confirm with . or Enter, or press ? or * to list all spells.
Aiming: Magic Dart (safe; 2% risk of failure)
Press: ? - help, Shift-Dir - straight line, f/p - iguana
Aim: an iguana (almost dead)
The magic dart hits the iguana.
You kill the iguana!
Unknown command.
There is a stone staircase leading up here.
You see here an iguana corpse.
You butcher the iguana corpse.
c - 6 chunks of flesh (gained 2)
You see here an iguana skeleton.
You start resting.
Your white imp disappears in a puff of smoke!
Magic restored.
You open the door.
Casting: Magic Dart (safe; 2% risk of failure)
Confirm with . or Enter, or press ? or * to list all spells.
The spell is extremely dangerous to cast (14% risk of failure)!
Continue anyway? [Y]es or [N]o only, please.
The spell is extremely dangerous to cast (14% risk of failure)!
Continue anyway?
You miscast Conjure Flame.
You are very lightly contaminated with residual magic.
Nothing appears to happen.
Casting: Conjure Flame (extremely dangerous; 14% risk of failure)
Confirm with . or Enter, or press ? or * to list all spells.
The spell is extremely dangerous to cast (14% risk of failure)!
Continue anyway?
The fire begins to smolder!
The fire ignites!
There is an open door here.
Found 7 gold pieces.
The wyvern zombie is engulfed in blazing flames.
The wyvern zombie bites you. The wyvern zombie bites you!
Ouch! That really hurt!
* * * LOW HITPOINT WARNING * * *
The wyvern zombie bites you!
Ouch! That really hurt!
You die...

.. #.. #.#
###+### $..
#.......##.#
#.⌠..!⌠.##.#
#.......##.#
+...⌠...'..#
#.......#§@####
#.⌠...⌠.#Z....#
#.....(.#.....#
###+####...†.#
#..<÷......#
#..........#
#..........#
#..........#
#..........#


You could see a wyvern zombie.

Vanquished Creatures
  An iguana (D:4)
  An adder (D:3)
  A dart slug (D:3)
  An orc (D:3)
  A ball python (D:4)
  A giant cockroach (D:3)
  3 goblins
  A hobgoblin (D:1)
  2 jackals (D:1)
  A bat (D:1)
  2 kobolds (D:3)
  2 rats
17 creatures vanquished.

Vanquished Creatures (collateral kills)
  A worm (D:3)
1 creature vanquished.

Grand Total: 18 creatures vanquished

Notes
Turn   | Place    | Note
-------+----------+-------------------------------------------
     0 | D:1      | Amnesiac the Deep Elf Wizard began the quest for the Orb.
     0 | D:1      | Reached XP level 1. HP: 10/10 MP: 7/7
    78 | D:1      | Found a shimmering altar of Xom.
   180 | D:1      | Reached XP level 2. HP: 9/15 MP: 0/9
   184 | D:1      | Learned a level 2 spell: Blink
   187 | D:1      | Learned a level 2 spell: Call Imp
   646 | D:3      | Found a sacrificial altar of Ru.
   668 | D:3      | Reached XP level 3. HP: 19/19 MP: 6/11
   673 | D:3      | Learned a level 3 spell: Conjure Flame
   677 | D:3      | Learned a level 3 spell: Mephitic Cloud
   763 | D:4      | Mangled by a wyvern zombie

Levels and vault maps discovered:
D:1:      dpeg_arrival_water_altar, layout_loops_ring, minivault_5,
          chequers_serial_rivers_micro_e
D:2:      layout_loops_ring, minmay_pentomino_q4, uniq_jessica
D:3:      layout_rooms, nicolae_overflow_hidden_temple, zin_scriptorium,
          uniq_terence
D:4:      layout_basic, nemelex_xobeh_ov_fountains_minmay,
          amethyst_overflow_temple_binary, vehumet_altar_wand_db,
          minmay_temple_entry_enclosed_plants, first_ration, minmay_fountain_box

Skill      XL: |  1  2 |
---------------+-------+-----
Conjurations   | 2 3 |  3.7
Dodging        | |  2.4
Stealth        | |  2.4
Spellcasting   | |  4.5
Summonings     | |  1.1
Translocations | |  1.1

Action                   || total
-------------------------++-------
Melee: Unarmed           ||     4
 Cast: Magic Dart        ||    50
       Call Imp          ||     3
       Conjure Flame     ||     1
Armor: Robe              ||     5
Dodge: Dodged            ||    17

Table legend:
 A = Non-vault XP
 B = Vault XP
 C = Vault XP percentage of total XP
 D = Non-vault monster count
 E = Vault monster count
 F = Vault count percentage of total count
                 A         B        C        D         E       F
            +---------+---------+-------+---------+---------+-------
      Total |      68 |       0 |   0.0 |      18 |       0 |   0.0
            +---------+---------+-------+---------+---------+-------
        D:1 |      12 |       0 |   0.0 |       7 |       0 |   0.0
        D:3 |      29 |       0 |   0.0 |       9 |       0 |   0.0
        D:4 |      27 |       0 |   0.0 |       2 |       0 |   0.0
            +---------+---------+-------+---------+---------+-------
